Map: Empire éternel EC

Players

Wander

  • Race: Zerg Zerg
  • League: Gold
  • Spawn Location: 1:00

VOD

Have the link to the VOD?

Description

Time

  • Played on: May 18, 2020, 9:08 a.m.
  • Length: 10:31
Show
View Real Time Build Order
Export as new Build Order

Wander Zerg 

Build Orders:  

Get SALT Encoding   

  12  0:01  Drone  
  13  0:17  Overlord  
  13  0:29  Drone  
  14  0:43  Drone x2  
  16  1:11  Hatchery  
  16  1:15  Drone  
  16  1:20  Drone  
  16  1:26  Drone  
  18  1:40  Extractor  
  17  1:50  Spawning Pool  
  17  1:54  Drone  
  17  1:58  Drone  
  18  2:05  Drone  
  19  2:18  Drone  
  20  2:34  Overlord  
  20  2:55  Queen  
  20  2:58  Queen  
  20  2:59  Zergling x4  
  26  3:04  Drone  
  27  3:13  Drone  
  28  3:20  Drone  
  28  3:22  Drone  
  30  3:34  Overlord  
  30  3:40  Drone  
  31  3:53  Queen  
  31  3:55  Drone  
  31  3:59  Drone  
  35  4:08  Lair  
  35  4:13  Evolution Chamber  
  27  4:20  Drone  
  34  4:22  Drone  
  34  4:24  Roach Warren  
  35  4:30  Overlord  
  35  4:39  Drone  
  36  4:40  Drone x2  
  36  4:44  Drone  
  36  4:47  Drone  
  40  4:56  Drone  
  40  4:59  Evolution Chamber  
  40  5:03  Zerg Missile Weapons Level 1  
  40  5:05  Drone  
  41  5:12  Extractor  
  41  5:17  Extractor, Drone x2  
  41  5:18  Drone  
  42  5:23  Glial Reconstitution  
  42  5:35  Drone  
  42  5:36  Drone x3  
  46  5:41  Overlord  
  46  5:42  Drone  
  36  5:50  Drone x2  
  47  5:52  Drone  
  47  5:57  Drone x2  
  52  6:18  Overlord  
  52  6:25  Hatchery  
  51  6:30  Roach x3  
  51  6:34  Roach  
  59  7:05  Overlord  
  59  7:06  Roach  
  59  7:07  Roach x3  
  67  7:13  Overlord  
  67  7:14  Overlord  
  67  7:17  Zerg Ground Armor Level 1  
  67  7:33  Roach x4  
  75  7:42  Overlord  
  75  7:53  Roach  
  75  7:54  Roach x6  
  89  8:07  Overlord  
  89  8:08  Drone  
  90  8:31  Overlord  
  90  8:32  Drone x5  
  95  8:47  Queen  
  97  8:55  Drone  
  97  8:56  Drone x3  
  97  8:58  Overlord  
  101  9:13  Drone  
  101  9:15  Drone  
  101  9:16  Drone x12  
  115  9:21  Extractor  
  115  9:24  Extractor  
  113  9:40  Drone x3  
  116  9:50  Hydralisk Den  
  116  9:53  Hatchery  
  114  10:25  Spore Crawler  
Tags
 
Add a new tag
Caveats
  • Supply blocks, unpowered buildings, or Contaminate may cause inaccurate times.
  • Supply counts are checked every 10 seconds.